 Dungeon Crawl Stone Soup version 0.25-a0-2-g6559c6c67a (webtiles) character file.

Game seed: 6639576096080798525, levelgen mode: deterministic

462 Kohma the Skirmisher (level 7, 0/71 HPs)
             Began as an Ogre Wizard on Oct 14, 2019.
             Slain by a quasit (1 damage)
             ... on level 4 of the Dungeon.
             The game lasted 00:17:12 (5529 turns).

Kohma the Skirmisher (Ogre Wizard)                  Turns: 5529, Time: 00:17:13

Health: 0/71       AC:  3    Str: 12    XL:     7   Next: 7%
Magic:  3/12       EV:  1    Int: 21    God:
Gold:   206        SH:  0    Dex: -10 (7) Spells: 5/13 levels left

rFire    . . .     SeeInvis .   b - +0 giant club
rCold    . . .     Gourm    .   (shield currently unavailable)
rNeg     . . .     Faith    .   r - +0 animal skin
rPois    .         Spirit   .   l - +0 hat
rElec    .         Reflect  .   (no cloak)
rCorr    .         Harm     .   (gloves unavailable)
MR       .....                  (boots unavailable)
Stlth    ..........             (no amulet)
HPRegen  0.21/turn              (no ring)
MPRegen  0.13/turn              (no ring)

@: slowed, lost dexterity, very slow
A: large, unfitting armour, tough skin 1
a: no special abilities


You were on level 4 of the Dungeon.
You were not hungry.

You visited 1 branch of the dungeon, and saw 4 of its levels.

You collected 206 gold pieces.

Inventory:

Hand Weapons
 a - a +0 hunting sling
 b - a +0 giant club (weapon)
Missiles
 g - 96 stones
 i - 27 poisoned darts (quivered)
 p - 46 sling bullets
 y - 6 atropa-tipped darts
 B - 9 boomerangs
Armour
 l - a +0 hat (worn)
 r - a +0 animal skin (worn)
Jewellery
 w - a +3 ring of strength {unknown}
 F - a cursed ring of attention {unknown}
Wands
 j - a wand of paralysis (4)
 u - a wand of enslavement (6)
Scrolls
 c - 10 scrolls of identify {unknown}
 f - 2 scrolls of fog {unknown}
 h - a scroll of noise {unknown}
 o - 5 scrolls of enchant armour {unknown}
 s - a scroll of magic mapping {unknown}
 t - a scroll of remove curse {unknown}
 v - 2 scrolls of fear {unknown}
Potions
 e - a potion of lignification {unknown}
 k - a potion of berserk rage {unknown}
 m - a potion of curing
 n - a potion of flight {unknown}
 z - a potion of degeneration {unknown}
 A - 2 potions of brilliance {unknown}
 C - a potion of mutation {unknown}
 D - a potion of haste {unknown}
 E - 2 potions of agility {unknown}
Comestibles
 d - 4 rations
 G - 2 chunks of flesh


   Skills:
 + Level 4.3 Fighting
 * Level 4.0 Maces & Flails
 - Level 3.0 Throwing
 - Level 1.7 Dodging
 - Level 1.4 Stealth
 - Level 3.6 Spellcasting
 - Level 2.0 Conjurations
 - Level 0.8 Summonings
 - Level 0.8 Translocations
 + Level 0.6 Fire Magic


You had 5 spell levels left.
You knew the following spells:

 Your Spells              Type           Power        Failure   Level  Hunger
a - Magic Dart            Conj           ##..         5%          1    None
b - Blink                 Tloc           N/A          13%         2    ##.....
c - Call Imp              Summ           #.......     13%         2    ##.....
d - Conjure Flame         Conj/Fire      #.......     22%         3    ###....

Your spell library contained the following spells:

 Spells                   Type           Power        Failure   Level  Hunger
 Slow                     Hex            #.......     19%         2    ##.....
 Mephitic Cloud           Conj/Pois/Air  #.......     28%         3    ###....


Dungeon Overview and Level Annotations

Branches:
Dungeon (4/15)
 Temple: D:4-7

Altars:
Sif Muna

Annotations:
D:3 Sigmund


Innate Abilities, Weirdness & Mutations

You are too large for most types of armour.
You have tough skin. (AC +1)


Message History

You closely miss the quasit.
The quasit is severely wounded.
The quasit bites you but does no damage.
The quasit claws you but does no damage. x2
The quasit bites you but does no damage.
The quasit barely misses you. The quasit claws you.
* * * LOW HITPOINT WARNING * * *
Your shadow imp closely misses the quasit.
The quasit bites you but does no damage.
The quasit claws you but does no damage.
The quasit claws you.
* * * LOW HITPOINT WARNING * * *
You feel clumsy.
Your shadow imp completely misses the quasit.
You miss the quasit.
The quasit is severely wounded.
The quasit bites you.
* * * LOW HITPOINT WARNING * * *
The quasit claws you.
You die...

######################
#............#.....'..
#............#..)(.#..
#....@##.....##....###
#....5##.....##....##.
##..5.##.....##....##.
#............'........
##...........#........
#....##.....###+####.
#....#########....##.
...... ........
#......# ........


You could see a quasit and a friendly shadow imp.

Vanquished Creatures
  Blork the orc (D:4)
  2 bullfrog skeletons (D:4)
  Jessica (D:3)
  Robin (D:2)
  4 adders
  An ooze (D:3)
  An adder skeleton (D:4)
  2 dart slugs (D:1)
  2 leopard geckos
  2 orcs (D:3)
  4 giant cockroaches
  23 goblins
  5 hobgoblins
  A jackal (D:4)
  6 kobolds
  A quokka (D:4)
  6 bats
  2 frilled lizards
  4 rats
69 creatures vanquished.

Vanquished Creatures (collateral kills)
  Grinder (D:3)
  An ogre (D:4)
  A scorpion (D:4)
  Ijyb (D:3)
  A worker ant (D:4)
  An adder (D:2)
  A worm (D:3)
  4 orcs
  A goblin (D:2)
  3 jackals (D:4)
  A rat (D:3)
16 creatures vanquished.

Grand Total: 85 creatures vanquished

Notes
Turn   | Place    | Note
-------+----------+-------------------------------------------
     0 | D:1      | Kohma the Ogre Wizard began the quest for the Orb.
     0 | D:1      | Reached XP level 1. HP: 16/16 MP: 5/5
     5 | D:1      | Reached skill level 1 in Conjurations
   232 | D:1      | Reached skill level 1 in Fighting
   232 | D:1      | Reached XP level 2. HP: 27/27 MP: 0/6
   549 | D:1      | You fall into a shaft and drop 1 floor!
   838 | D:1      | Learned a level 2 spell: Blink
   841 | D:1      | Learned a level 2 spell: Call Imp
  1082 | D:2      | Noticed Robin
  1096 | D:1      | Reached XP level 3. HP: 29/33 MP: 0/8
  1202 | D:2      | Killed Robin
  1202 | D:2      | Reached skill level 1 in Maces & Flails
  1410 | D:2      | Found a shimmering blue altar of Sif Muna.
  1461 | D:2      | Reached skill level 1 in Throwing
  1671 | D:2      | Reached XP level 4. HP: 42/42 MP: 7/9
  2260 | D:3      | Noticed Jessica
  2262 | D:3      | Killed Jessica
  2266 | D:3      | Noticed Grinder
  2331 | D:3      | Reached XP level 5. HP: 37/50 MP: 2/10
  2429 | D:3      | Paralysed by Grinder for 4 turns
  2596 | D:3      | Noticed Ijyb
  2612 | D:3      | Killed Ijyb
  3009 | D:3      | Killed Grinder
  3009 | D:3      | Reached XP level 6. HP: 61/61 MP: 3/11
  3220 | D:3      | Noticed Sigmund
  5012 | D:4      | Learned a level 3 spell: Conjure Flame
  5243 | D:4      | Noticed Blork the orc
  5263 | D:4      | Killed Blork the orc
  5263 | D:4      | Reached XP level 7. HP: 43/71 MP: 3/12
  5510 | D:4      | Lost dexterity.
  5522 | D:4      | HP: 3/71 [quasit (1)]
  5527 | D:4      | HP: 3/71 [quasit (2)]
  5528 | D:4      | HP: 1/71 [quasit (1)]
  5529 | D:4      | Slain by a quasit

Levels and vault maps discovered:
D:1:      minmay_arrival_four_loops, layout_loops_ring
D:2:      kennysheep_the_goblin_king, layout_loops_ring, led_sif_pool,
          uniq_robin
D:3:      layout_basic, uniq_jessica, uniq_grinder, uniq_sigmund, uniq_ijyb
D:4:      layout_gridville, ebering_ghost_gozag, uniq_blork_the_orc

Skill      XL: |  1  2  3  4  5  6 |
---------------+-------------------+-----
Conjurations   | 1 2 |  2.0
Fighting       | 1 2 3 4 |  4.3
Maces & Flails | 1 2 3 4 |  4.0
Throwing       | 1 2 3 |  3.0
Dodging        | |  1.7
Stealth        | |  1.4
Spellcasting   | |  3.6
Summonings     | |  0.8
Translocations | |  0.8
Fire Magic     | |  0.6

Action                   |  1- 3 |  4- 6 |  7- 9 || total
-------------------------+-------+-------+-------++-------
Melee: Dagger            |    15 |       |       ||    15
       Short sword       |     5 |       |       ||     5
       Mace              |       |    80 |       ||    80
       Giant club        |       |     3 |    29 ||    32
 Fire: Hunting sling     |    38 |    20 |       ||    58
Throw: Stone             |     2 |       |       ||     2
 Cast: Magic Dart        |    56 |    70 |    10 ||   136
       Blink             |     1 |       |       ||     1
       Call Imp          |       |    39 |     1 ||    40
  Use: Potion            |       |     1 |     1 ||     2
  Eat: Chunk             |     2 |     9 |     1 ||    12
       Ration            |       |     1 |       ||     1
Armor: Robe              |    12 |       |       ||    12
       Animal skin       |       |    57 |   108 ||   165
Dodge: Dodged            |    35 |    96 |    61 ||   192

Table legend:
 A = Non-vault XP
 B = Vault XP
 C = Vault XP percentage of total XP
 D = Non-vault monster count
 E = Vault monster count
 F = Vault count percentage of total count
                 A         B        C        D         E       F
            +---------+---------+-------+---------+---------+-------
      Total |     367 |     294 |  44.5 |      63 |      22 |  25.9
            +---------+---------+-------+---------+---------+-------
        D:1 |      23 |       3 |  11.5 |      12 |       2 |  14.3
        D:2 |      42 |      43 |  50.6 |      15 |      16 |  51.6
        D:3 |      69 |     194 |  73.8 |      20 |       3 |  13.0
        D:4 |     233 |      54 |  18.8 |      16 |       1 |   5.9
            +---------+---------+-------+---------+---------+-------
